 Dungeon Crawl Stone Soup version 0.30-a0-368-g86fb4627a9 (webtiles) character file.

Game seed: 14872062060332746807

169 NinjaNoafa the Vexing (level 5, 25/25 HPs)
             Began as a Spriggan Hexslinger on Nov 18, 2022.
             Quit the game on level 4 of the Dungeon.
             The game lasted 00:05:56 (2836 turns).

NinjaNoafa the Vexing (Spriggan Hexslinger)         Turns: 2836, Time: 00:05:57

Health: 25/25      AC:  3    Str:  5    XL:     5   Next: 25%
Magic:  10/10      EV: 18    Int: 14    God:
Gold:   67         SH:  0    Dex: 21    Spells: 9/10 levels left

rFire   . . .      SeeInvis +    a - +1 sling
rCold   . . .      Faith    .    (no shield)
rNeg    . . .      Spirit   .    c - +0 robe
rPois   .          Reflect  .    (helmet restricted)
rElec   .          Harm     .    j - +0 cloak
rCorr   .          Rampage  .    (gloves unavailable)
Will    .....                    (boots unavailable)
Stlth   ++........               (no amulet)
HPRegen 0.24/turn                (no ring)
MPRegen 0.12/turn                (no ring)

@: very quick
A: very small, no large weapons, unfitting armour, see invisible, speed 3, agile
1
a: no special abilities


You were on level 4 of the Dungeon.
You visited 1 branch of the dungeon, and saw 4 of its levels.

You collected 149 gold pieces.
You spent 82 gold pieces at shops.

Inventory:

Hand Weapons
 a - a +1 sling (weapon)
Missiles
 e - 25 stones
 h - 5 poisoned darts
 i - 6 boomerangs
Armour
 c - a +0 robe (worn)
 j - a +0 cloak (worn)
Wands
 b - a wand of flame (15)
Scrolls
 d - 2 scrolls of teleportation
 m - a scroll of torment
Potions
 f - a potion of mutation
 g - a potion of heal wounds
 k - 2 potions of might
 l - a potion of curing {unknown}
 n - a potion of flight {unknown}
Miscellaneous
 o - a tin of tremorstones (2/2)


   Skills:
 - Level 0.7 Fighting
 - Level 2.0 Ranged Weapons
 - Level 2.6 Dodging
 - Level 3.0 Spellcasting
 + Level 5.8 Hexes
 - Level 2.0 Fire Magic


You had 9 spell levels left.
You knew the following spells:

 Your Spells              Type           Power      Damage    Failure   Level
a - Slow                  Hex            72%        N/A       1%          1

Your spell library contained the following spells:

 Spells                   Type           Power      Damage    Failure   Level
 Ensorcelled Hibernation  Hex/Ice        20%        N/A       10%         2
 Inner Flame              Hex/Fire       13%        N/A       13%         3
 Dazzling Flash           Conj/Hex       20%        N/A       21%         3
 Portal Projectile        Hex/Tloc       20%        N/A       21%         3
 Cause Fear               Hex            9%         N/A       21%         4
 Apportation              Tloc           4%         N/A       22%         1
 Passwall                 Tmut/Erth      1%         N/A       32%         2
 Ozocubu's Armour         Ice            2%         N/A       54%         3
 Swiftness                Air            2%         N/A       54%         3
 Silence                  Hex/Air        5%         N/A       88%         5
 Agony                    Necr           2%         N/A       99%         5
 Alistair's Intoxication  Tmut/Pois      1%         N/A       99%         5
 Ozocubu's Refrigeration  Ice            1%         4d7       100%        7


Dungeon Overview and Level Annotations

Branches:
Dungeon (4/15)
 Temple: D:4-7

Altars:

Shops:
D:3 **?[*


Innate Abilities, Weirdness & Mutations

You are very small and have problems with some larger weapons.
You are too small for most types of armour.
You have supernaturally acute eyesight. (SInv)
You cover ground extremely quickly. (Speed+++)
You are agile. (Dex +4, Str/Int -1)


Message History

You shoot a sling bullet.
The sling bullet hits the kobold but does no damage.
You shoot a sling bullet. The sling bullet hits the kobold.
The kobold is moderately wounded.
The kobold misses you.
You shoot a sling bullet.
The sling bullet closely misses the kobold.
The kobold hits you with a +0 dagger. The kobold barely misses you.
You shoot a sling bullet.
The sling bullet closely misses the kobold.
The kobold hits you with a +0 dagger.
You shoot a sling bullet.
The sling bullet closely misses the kobold.
The kobold closely misses you.
You shoot a sling bullet.
The sling bullet closely misses the kobold.
The kobold barely misses you. The kobold completely misses you.
You shoot a sling bullet. The sling bullet hits the kobold!
You kill the kobold!
No target in view!
No target in view!
No target in view!
No target in view!
No target in view!
No target in view!
No target in view!
No target in view!
No target in view!
No target in view!
No target in view!
No target in view!
e - 25 stones (gained 3)
Things that are here:
a +0 dagger; a kobold corpse Key pressed, stopping explore.
Unknown command.
HP restored.
A kobold comes into view. It is wielding a +0 short sword.
Found a stone staircase leading down.
Are you sure you want to abandon this character and quit the game? (Confirm with "yes".)

....K.....##
...........##
............ ###
.......>... ##..
.......... ##...
......... ###....
........### ##......
.......@..#######.......
........................
..################......
##..... #..... ##....
####. ##


You could see a kobold (asleep).

Vanquished Creatures
  A hound (D:3)
  Robin (D:3)
  4 adders
  A gnoll (D:3)
  3 worms
  5 orcs
  5 bats
  4 endoplasms
  2 giant cockroaches (D:2)
  11 goblins
  8 hobgoblins
  2 jackals (D:2)
  4 kobolds
  3 quokkas
  4 ball pythons
  3 frilled lizards (D:1)
  2 rats
63 creatures vanquished.

Notes
Turn   | Place    | Note
-------+----------+-------------------------------------------
     0 | D:1      | NinjaNoafa the Spriggan Hexslinger began the quest for the
                  | Orb.
     0 | D:1      | Reached XP level 1. HP: 9/9 MP: 3/3
   164 | D:1      | Reached XP level 2. HP: 14/14 MP: 5/5
   411 | D:1      | Reached skill level 4 in Hexes
   782 | D:2      | Gained mutation: You are frail. (-10% HP) [potion of
                  | mutation]
   782 | D:2      | Gained mutation: You are agile. (Dex +4, Str/Int -1)
                  | [potion of mutation]
   782 | D:2      | Lost mutation: You are frail. (-10% HP) [potion of
                  | mutation]
   786 | D:2      | Reached skill level 1 in Fire Magic
   894 | D:2      | Reached XP level 3. HP: 16/17 MP: 7/7
  1206 | D:2      | Reached XP level 4. HP: 10/21 MP: 6/9
  1650 | D:3      | Noticed Robin
  1841 | D:3      | Killed Robin
  2102 | D:3      | Found Buaj's Armour Shoppe.
  2135 | D:3      | Found Baumn's General Store.
  2144 | D:3      | Bought a scroll of identify for 28 gold pieces
  2191 | D:3      | Found Igagor's Magic Scroll Shoppe.
  2230 | D:3      | Reached skill level 5 in Hexes
  2268 | D:3      | Bought a +0 cloak for 54 gold pieces
  2288 | D:3      | Found Cuczacva's General Store.
  2342 | D:3      | Found Kyasoz's Assorted Antiques.
  2523 | D:3      | Reached XP level 5. HP: 18/25 MP: 10/10
  2836 | D:4      | Quit the game

Illustrated notes

Levels and vault maps discovered:
D:1:      zelgadis_glass_arrival_small, layout_basic, chequers_decorated_corner,
          chequers_hall_statues_y
D:2:      layout_loops_ring, minmay_misc_feat_square
D:3:      layout_rooms, serial_shops, nicolae_shop_advertising_works
          [nicolae_subvault_shop_adworks], nicolae_square_shop, shop,
          nicolae_shop_stone, shop, grunt_ministairs_1, minmay_checkerbox,
          uniq_robin
D:4:      layout_cave_pods, makhleb_altar_promises_db, minmay_misc_feat_encased,
          nicolae_shop_gadgets, uniq_duvessa

Skill      XL: |  1  2  3  4 |
---------------+-------------+-----
Spellcasting   | 2 3 |  3.0
Hexes          | 4 5 |  5.8
Fire Magic     | 1 2 |  2.0
Fighting       | |  0.7
Ranged Weapons | |  2.0
Dodging        | |  2.6

Action                   |  1- 3 |  4- 6 || total
-------------------------+-------+-------++-------
 Fire: Sling             |   121 |   135 ||   256
 Cast: Slow              |    12 |    20 ||    32
  Use: Scroll            |     5 |     1 ||     6
       Potion            |     1 |       ||     1
Armor: Robe              |     7 |     6 ||    13
Dodge: Dodged            |    75 |    81 ||   156

Table legend: (Time is in decaauts)
 A = Elapsed time spent in this place.
 B = Non-inter-level travel time spent in this place.
 C = Inter-level travel time spent in this place.
 D = Time resting spent in this place.
 E = Time spent auto-exploring this place.
 F = Levels seen in this place.
 G = Mean time per level.
                   A        B        C        D        E       F      G
               +--------+--------+--------+--------+--------+-----+--------+
         Total |   2088 |   1909 |    179 |      0 |   1275 |   4 |  522.0 |
       Dungeon |   2088 |   1909 |    179 |      0 |   1275 |   4 |  522.0 |
               +--------+--------+--------+--------+--------+-----+--------+

Top non-repeatable levels by time:
     D:2: 860 daAuts
     D:3: 635 daAuts
     D:1: 543 daAuts
     D:4: 48 daAuts
